cohdb
Replays
Latest Replays
All Replays
Popular Replays
Top Player Replays
Match Explorer
How It Works
Community
CoH3 Stats
Reddit
Sign in to upload your games and track your stats! →
Sign in with Steam
Match 41886317
Unlisted
Match 41886317
Overview
Messages
Build Orders
End
Royal Engineer Section
Selects Canadian Shock Battlegroup
Construct Section Command Post
Infantry Section
Infantry Section
Selects Attacking Spirit
Selects Canadian Shock Section
Canadian Shock Section
Construct Platoon Command Post
Selects Incendiary Munitions
Unlock M3 Stuart Light Tanks
M3 Stuart Light Tank
M3 Stuart Light Tank
Infantry Section
Selects Pyrotechnics
Grenade Package
Infantry Section
Construct Company Command Post
CMP 15cwt Truck
Selects Churchill Crocodile Heavy Tank
Light Vehicle Training
Foot Guards Section
Churchill Crocodile Heavy Tank
Crusader II Medium Tank
Selects Point Assault
Crusader II Medium Tank
BIOHAZARD
Sauzer88
=BIA=Decapsy
rockkiller31
(◣✠◢) John1986 ✠
党卫军老鼠连
0
0
Comments
sign in to comment!
No comments posted yet!